 Dungeon Crawl Stone Soup version 0.16-a0-139-gc9fe9b1 (webtiles) character file.

17545 Ratboiler the Bludgeoner (level 12, -4/130 HPs)
             Began as an Ogre Artificer on Aug 14, 2014.
             Was a Priest of the Shining One.
             Slain by a blink frog (15 damage)
             ... on Level 1 of the Lair of Beasts.
             The game lasted 01:12:41 (15585 turns).

Ratboiler the Bludgeoner (Ogre Artificer)          Turns: 15585, Time: 01:12:41

HP  -4/130       AC  8     Str 19      XL: 12   Next: 49%
MP   0/25        EV 14     Int 11      God: the Shining One [***...]
Gold 411         SH  0     Dex 14      Spells:  0 memorised, 11 levels left

rFire  . . .     SeeInvis .     a - +1 giant spiked club
rCold  + . .     Clarity  .     M - +4 moon troll leather armour {Spirit, MP+5 Regen}
rNeg   + . .     rCorr    .     (shield restricted)
rPois  .         rRot     .     (helmet restricted)
rElec  .         Spirit   +     (no cloak)
SustAb .         Warding  .     (gloves unavailable)
rMut   .         Stasis   .     (boots unavailable)
Gourm  .                        (no amulet)
MR     ++...                    S - ring of protection from magic
                                B - ring of protection from cold

@: glowing, very resistant to hostile enchantments, very unstealthy
A: unfitting armour, deformed body, tough skin 1, forlorn
a: Divine Shield, Renounce Religion


You were on level 1 of the Lair of Beasts.
You worshipped the Shining One.
The Shining One was most pleased with you.
You were not hungry.

You visited 3 branches of the dungeon, and saw 12 of its levels.
You visited the Abyss 1 time.

You collected 564 gold pieces.
You spent 153 gold pieces at shops.

Inventory:

Hand weapons
 a - a +1 giant spiked club (weapon)
 b - a cursed +0 hunting sling
 J - a +1 shortbow of flaming
Missiles
 c - 2 throwing nets (quivered)
 Q - 31 arrows
Armour
 z - a +1 robe of magic resistance
 A - a +1 robe of positive energy
 F - a +2 robe of cold resistance
 M - the +4 moon troll leather armour (worn) {Spirit, MP+5 Regen}
   (You found it on level 9 of the Dungeon)

   It affects your magic capacity (+5).
   It increases your rate of regeneration.
Magical devices
 t - a wand of magic darts (14)
 v - a wand of flame (3)
 G - a wand of magic darts (15)
Comestibles
 d - 4 bread rations
 f - 4 meat rations
 g - 4 chunks of yak flesh
 h - a chunk of yak flesh
Scrolls
 j - 2 scrolls of remove curse
 n - 2 scrolls of teleportation
 H - a scroll of blinking
 U - a scroll of magic mapping {unknown}
Jewellery
 B - a ring of protection from cold (left hand)
 S - a ring of protection from magic (right hand)
Potions
 m - 2 potions of restore abilities
 q - a potion of porridge
 r - a potion of flight
 D - 4 potions of curing
 K - a potion of haste
 P - a potion of agility
Miscellaneous
 e - an ornate deck of summonings


   Skills:
 + Level 11.2 Fighting
 * Level 15.8 Maces & Flails
 * Level 6.7 Armour
 + Level 8.4 Dodging
 - Level 0.7 Stealth
 - Level 5.1 Evocations


You had 11 spell levels left.
You didn't know any spells.

Dungeon Overview and Level Annotations

Branches:
Dungeon (10/15)            Temple (1/1) D:5            Lair (1/8) D:10
    Orc: D:9-12

Altars:
Ashenzari
Cheibriados
Elyvilon
Gozag
Makhleb
Nemelex Xobeh
Qazlal
Sif Muna
Vehumet
Zin
The Shining One

Shops:
D:5 [   D:9 !

Annotations:
D:3 Sigmund
D:4 Eustachio
D:7 Blork the orc
D:9 exclusion: silver statue
D:10 Sonja


Innate Abilities, Weirdness & Mutations

You are too large for most types of armour.
You have tough skin (AC +1).
Armour fits poorly on your strangely shaped body.
You have difficulty communicating with the divine.


Message History

The blink frog momentarily phases out as your attack passes through it.
The blink frog is almost dead.
The blink frog misses you. The blink frog closely misses you.
You miss the blink frog.
The blink frog is almost dead.
The blink frog hits you!
* * * LOW HITPOINT WARNING * * *
The blink frog hits you!
* * * LOW HITPOINT WARNING * * *
The blink frog hits you!
* * * LOW HITPOINT WARNING * * *
Drink which item? (? for menu, Esc to quit)
You feel better. The blink frog barely misses you.
The blink frog completely misses you. The blink frog hits you!
* * * LOW HITPOINT WARNING * * *
Unknown command.
You impale the blink frog!!
You kill the blink frog!
The blink frog hits you!
You die...

#.....#..# .....#...#
.#...#...# .#.8.#.#.#
.#...#..)# .#...#.#.#
......##.# ### # #
##'#..#..####.#####P#...#
#..#...........%@F......#
#.##.....#####.P##......#
.........# #### ......#
#####....## ......# #
##...P# .F....# #....##
F..... ##...# .....
#...## ....
#....########.


You could see a blink frog.

Vanquished Creatures
  Harold (D:10)
  A hydra (Lair:1)
  2 thrashing horrors (Abyss:1)
  A gargoyle (D:10)
  A black mamba (Lair:1)
  Psyche (D:8)
  A komodo dragon (D:10)
  A silent spectre (Abyss:1)
  Prince Ribbit (D:8)
  A raiju (Abyss:1)
  7 blink frogs (Lair:1)
  22 yaks
  A chaos spawn (Abyss:1)
  A hill giant skeleton (D:8)
  6 humans (D:8)
  6 hippogriffs
  Menkaure (D:6)
  A small abomination (Abyss:1)
  4 ice beasts
  6 water moccasins
  A black bear (D:8)
  6 ogres
  4 orc warriors
  2 sky beasts
  3 phantoms
  6 centaurs
  3 crocodiles
  Duvessa (D:8)
  2 big kobolds
  An insubstantial wisp (Abyss:1)
  5 giant frogs
  21 wights
  5 scorpions
  A troll zombie (D:9)
  4 killer bees (D:7)
  3 jellies
  2 goliath beetles
  Dowan (D:8)
  5 crimson imps
  A centaur skeleton (D:6)
  10 hounds
  4 iguanas
  8 orc wizards
  4 orc priests
  12 worker ants
  An ogre skeleton (D:5)
  13 adders
  3 orc zombies (D:7)
  3 gnolls (D:2)
  24 green rats (Lair:1)
  A shadow imp (D:7)
  A giant mite (D:6)
  3 worms
  An iguana skeleton (D:4)
  4 giant geckos
  28 orcs
  4 ball pythons
  13 bats
  12 goblins
  24 hobgoblins
  7 quokkas
  4 giant cockroaches
  3 giant newts
  8 jackals
  19 kobolds
  14 rats
  A rat skeleton (D:4)
  10 ballistomycetes (D:6)
  A plant (D:10)
383 creatures vanquished.

Vanquished Creatures (collateral kills)
  A gnoll (D:2)
  An orc (D:5)
2 creatures vanquished.

Vanquished Creatures (others)
  7 giant spores (D:6)
  A fungus (D:6)
8 creatures vanquished.

Grand Total: 393 creatures vanquished

Notes
Turn   | Place    | Note
--------------------------------------------------------------
     0 | D:1      | Ratboiler, the Ogre Artificer, began the quest for the Orb.
     0 | D:1      | Reached XP level 1. HP: 19/19 MP: 1/1
   140 | D:1      | Reached XP level 2. HP: 27/27 MP: 2/2
   566 | D:2      | Reached XP level 3. HP: 35/35 MP: 4/4
   576 | D:2      | Reached skill level 3 in Maces & Flails
   641 | D:2      | Found a glowing silver altar of Zin.
   641 | D:2      | Found an opulent altar of Gozag.
   642 | D:2      | Found a deep blue altar of Sif Muna.
   787 | D:2      | Found a radiant altar of Vehumet.
   826 | D:2      | Reached XP level 4. HP: 40/44 MP: 5/5
  1457 | D:2      | HP: 1/44 [gnoll/flail (12)]
  1770 | D:2      | Reached skill level 4 in Maces & Flails
  1870 | D:2      | Reached XP level 5. HP: 49/52 MP: 7/7
  1969 | D:3      | Noticed Sigmund
  2277 | D:3      | Found a snail-covered altar of Cheibriados.
  2535 | D:4      | Found a glowing golden altar of the Shining One.
  2538 | D:4      | Became a worshipper of the Shining One
  2773 | D:4      | Noticed an ogre
  2805 | D:4      | Killed an ogre
  2805 | D:4      | Reached skill level 5 in Maces & Flails
  2805 | D:4      | Reached XP level 6. HP: 54/61 MP: 9/9
  3287 | D:4      | Noticed an ogre
  3297 | D:4      | Killed an ogre
  3297 | D:4      | Reached skill level 6 in Maces & Flails
  3297 | D:4      | Reached XP level 7. HP: 45/70 MP: 11/11
  3460 | D:4      | Noticed a phantom
  3506 | D:4      | Killed a phantom
  3881 | D:5      | Entered Level 5 of the Dungeon
  3891 | D:5      | Found a staircase to the Ecumenical Temple.
  4497 | D:5      | Found Qipses' Antique Armour Boutique.
  4571 | D:5      | Bought an embroidered robe for 13 gold pieces
  4643 | D:5      | Noticed Eustachio
  4711 | D:6      | Reached skill level 5 in Fighting
  4864 | D:6      | Reached skill level 7 in Maces & Flails
  4898 | D:6      | Found a white marble altar of Elyvilon.
  4944 | D:6      | Reached XP level 8. HP: 38/80 MP: 13/13
  5176 | D:6      | Found a shattered altar of Ashenzari.
  5181 | D:6      | Saw a vision of the Swamp and the Spider Nest.
  5251 | D:6      | Noticed a trapdoor spider
  5252 | D:6      | Noticed a trapdoor spider
  5257 | D:6      | Noticed a trapdoor spider
  5281 | D:5      | Acquired the Shining One's first power
  5955 | Temple   | Entered the Ecumenical Temple
  6902 | D:6      | Reached skill level 8 in Maces & Flails
  7922 | D:6      | Reached skill level 9 in Maces & Flails
  8246 | D:6      | Noticed Menkaure
  8282 | D:6      | Killed Menkaure
  8282 | D:6      | Reached skill level 5 in Evocations
  8282 | D:6      | Reached XP level 9. HP: 54/92 MP: 16/16
  8490 | D:6      | Reached skill level 5 in Dodging
  8722 | D:6      | Reached skill level 10 in Maces & Flails
  9308 | D:7      | Noticed Blork the orc
  9644 | D:7      | Reached skill level 11 in Maces & Flails
 10042 | D:7      | Reached XP level 10. HP: 63/104 MP: 18/18
 10213 | D:7      | Acquired the Shining One's second power
 10231 | D:7      | Reached skill level 12 in Maces & Flails
 10729 | D:8      | Noticed Prince Ribbit
 10739 | D:8      | Killed Prince Ribbit
 11181 | D:8      | Reached skill level 1 in Armour
 11355 | D:8      | Reached skill level 13 in Maces & Flails
 11818 | D:8      | Noticed Dowan
 11830 | D:8      | Killed Dowan
 11834 | D:8      | Noticed Duvessa
 11844 | D:8      | Killed Duvessa
 12140 | D:8      | Noticed Psyche
 12154 | D:8      | Killed Psyche
 12154 | D:8      | Reached XP level 11. HP: 22/117 MP: 19/19
 13294 | D:9      | Found a burning altar of Makhleb.
 13329 | D:9      | Found Eqomus' Distillery.
 13338 | D:9      | Bought a potion of might for 35 gold pieces
 13338 | D:9      | Bought a potion of heal wounds for 42 gold pieces
 13338 | D:9      | Bought a potion of lignification for 28 gold pieces
 13338 | D:9      | Bought a potion of agility for 35 gold pieces
 13382 | D:9      | Reached skill level 14 in Maces & Flails
 13390 | D:9      | Noticed a silver statue
 13893 | D:10     | Entered Level 10 of the Dungeon
 13925 | D:10     | Reached skill level 10 in Fighting
 14084 | D:10     | Got a smoking shield
 14097 | D:10     | Identified the cursed -4 shield of Frerouf {Int+2} (You found it on level 10 of the Dungeon)
 14126 | D:10     | Noticed Sonja
 14354 | D:10     | Found a staircase to the Lair.
 14454 | D:10     | Cast into the Abyss (Sonja)
 14454 | Abyss:1  | Found a corrupted altar of Lugonu.
 14492 | Abyss:1  | Noticed a large abomination
 14582 | Abyss:1  | Noticed a thrashing horror
 14587 | Abyss:1  | Killed a thrashing horror
 14587 | Abyss:1  | Reached skill level 5 in Armour
 14589 | Abyss:1  | Gained mutation: Armour fits poorly on your strangely shaped body. [a neqoxec]
 14591 | Abyss:1  | Gained mutation: You have difficulty communicating with the divine. [a neqoxec]
 14595 | Abyss:1  | Noticed a thrashing horror
 14604 | Abyss:1  | Killed a thrashing horror
 14605 | Abyss:1  | Noticed a large abomination
 14608 | Abyss:1  | Noticed a wretched star
 14651 | Abyss:1  | Noticed a lich
 14668 | D:10     | Escaped the Abyss
 14679 | D:10     | Noticed Harold
 14694 | D:10     | Killed Harold
 14694 | D:10     | Reached skill level 15 in Maces & Flails
 14848 | D:10     | Reached XP level 12. HP: 122/128 MP: 20/20
 14879 | Lair:1   | Entered Level 1 of the Lair of Beasts
 15409 | Lair:1   | Noticed a six-headed hydra
 15445 | Lair:1   | Killed a six-headed hydra
 15585 | Lair:1   | Slain by a blink frog

Action                   |  1- 3 |  4- 6 |  7- 9 | 10-12 || total
-------------------------+-------+-------+-------+-------++-------
Melee: Whip              |    74 |   181 |   244 |       ||   499
       Club              |     1 |       |       |       ||     1
       Giant spiked club |       |       |   183 |   507 ||   690
Throw: Throwing net      |       |       |       |     1 ||     1
Evoke: Wand              |     3 |    13 |    27 |       ||    43
  Use: Scroll            |       |     1 |    12 |     7 ||    20
       Potion            |       |       |     2 |     6 ||     8
 Stab: Sleeping          |       |     1 |       |       ||     1
  Eat: Chunk             |       |     8 |    12 |    13 ||    33
       Fruit             |       |       |     6 |     2 ||     8
       Pizza             |       |       |     2 |       ||     2
       Beef jerky        |       |       |     1 |     3 ||     4
